 Dungeon Crawl Stone Soup version 0.24-a0-278-gefa1973 (webtiles) character file.

Game seed: 10253272348772959994

13428 mhoghedin the Destroyer (level 12, -2/69 HPs)
             Began as a Tengu Wizard on Apr 30, 2019.
             Was a High Priest of Vehumet.
             Slain by an eight-headed hydra (8 damage)
             ... on level 11 of the Dungeon.
             The game lasted 01:02:53 (17372 turns).

mhoghedin the Destroyer (Tengu Wizard)             Turns: 17372, Time: 01:02:53

Health: -2/69      AC:  6    Str: 10    XL:     12   Next: 5%
Magic:  21/25      EV: 19    Int: 24    God:    Vehumet [*****.]
Gold:   589        SH:  0    Dex: 13    Spells: 0/27 levels left

rFire    . . .     SeeInvis .   b - staff of poison {rPois}
rCold    . . .     Gourm    .   (no shield)
rNeg     . . .     Faith    .   t - +1 robe of Autotheism {Slay+2}
rPois    +         Spirit   .   g - +0 hat
rElec    .         Reflect  .   q - scarf {cloud immunity}
rCorr    .         Harm     .   (no gloves)
MR       .....                  (boots unavailable)
Stlth    ++........             (no amulet)
HPRegen  0.21/turn              w - +3 ring of protection
MPRegen  0.19/turn              F - +3 ring of strength

@: flying quickly and evasively, quick
A: beak, talons 3, able to fly
a: Stop Flying, Renounce Religion


You were on level 11 of the Dungeon.
You worshipped Vehumet.
Vehumet was extremely pleased with you.
You were hungry.

You visited 2 branches of the dungeon, and saw 12 of its levels.

You collected 760 gold pieces.
You spent 171 gold pieces at shops.

Inventory:

Hand Weapons
 a - a +2 whip of electrocution
   (You took it off a kobold on level 8 of the Dungeon)
 i - the +5 trident of Callousness {venom, *Corrode rElec rF- Str+9}
   (You took it off a spriggan on level 8 of the Dungeon)

   It poisons the flesh of those it strikes.
   It affects your strength (+9).
   It makes you vulnerable to fire.
   It insulates you from electricity.
   It may corrode you when you take damage.
Missiles
 r - 4 silver javelins (quivered)
Armour
 g - a +0 hat (worn)
 q - a scarf of cloud immunity (worn)
   (You found it on level 6 of the Dungeon)
 t - the +1 robe of Autotheism (worn) {Slay+2}
   (You bought it in a shop on level 6 of the Dungeon)

   It affects your accuracy and damage with ranged weapons and melee attacks
   (+2).
 y - a +2 robe of resistance
   (You found it on level 5 of the Dungeon)
Magical Staves
 b - an uncursed staff of poison (weapon) {rPois}
   (You took it off a crimson imp on level 5 of the Dungeon)
Jewellery
 c - an uncursed ring of positive energy {rN+}
   (You found it on level 3 of the Dungeon)
 w - a +3 ring of protection (left hand)
   (You found it on level 7 of the Dungeon)
 A - the ring of Mut Not {EV+5 Str+2 Int-4 Dex+2}
   (You acquired it on level 9 of the Dungeon)

   [ring of evasion]

   It affects your evasion (+5).
   It affects your strength (+2).
   It affects your intelligence (-4).
   It affects your dexterity (+2).
 F - a +3 ring of strength (right hand)
   (You took it off an orc on level 9 of the Dungeon)
Wands
 v - a wand of acid (10)
   (You found it on level 7 of the Dungeon)
Scrolls
 e - a scroll of amnesia
 l - 8 scrolls of remove curse
 n - 2 scrolls of teleportation
 u - 2 scrolls of magic mapping {!r}
 z - 4 scrolls of identify
 B - a scroll of enchant weapon
 E - a scroll of fog
 G - a scroll of enchant armour
Potions
 d - 2 potions of flight
 h - a potion of cancellation
 j - 3 potions of curing
 k - 2 potions of brilliance
 m - a potion of resistance
 o - a potion of might
 p - 2 potions of heal wounds
 x - 2 potions of berserk rage {!q}
 D - a potion of lignification {!q}
Comestibles
 s - 6 rations


   Skills:
 - Level 5.6 Fighting
 - Level 4.1 Maces & Flails
 - Level 6.7 Dodging
 - Level 2.0 Stealth
 + Level 8.2 Spellcasting
 + Level 13.3 Conjurations
 - Level 1.8 Charms
 - Level 2.3 Summonings
 - Level 2.5 Necromancy
 - Level 0.7 Translocations
 + Level 7.6 Air Magic
 + Level 7.1 Poison Magic


You couldn't memorise any spells.
You knew the following spells:

 Your Spells              Type           Power        Failure   Level  Hunger
a - Poison Arrow          Conj/Pois      ######....   4%          6    ######.
b - Blink                 Tloc           N/A          7%          2    None
c - Call Imp              Summ           ###.....     3%          2    None
d - Conjure Flame         Conj/Fire      #####...     1%          3    None
e - Venom Bolt            Conj/Pois      ######....   1%          5    #####..
f - Static Discharge      Conj/Air       ######..     1%          3    None
r - Regeneration          Chrm/Necr      ###.......   8%          3    None
x - Mephitic Cloud        Conj/Pois/Air  ######..     1%          3    None

Your spell library contained the following spells:

 Spells                   Type           Power        Failure   Level  Hunger
 Magic Dart               Conj           ####         1%          1    None
 Sting                    Conj/Pois      ####         1%          1    None
 Poisonous Vapours        Pois/Air       ######       1%          2    None
 Olgreb's Toxic Radiance  Pois           ######..     1%          4    ##.....
 Animate Skeleton         Necr           N/A          2%          1    None
 Pain                     Necr           ###.         2%          1    None
 Vampiric Draining        Necr           ###.......   7%          3    None
 Slow                     Hex            #.......     10%         2    None
 Animate Dead             Necr           N/A          22%         4    ##.....


Dungeon Overview and Level Annotations

Branches:
Dungeon (11/15)            Temple (0/1) D:4            Lair (1/6) D:11
    Orc (0/2) D:11

Altars:
Cheibriados
Kikubaaqudgha
Makhleb
Ru
Trog
Uskayaw
Vehumet
Wu Jian
Zin
The Shining One

Shops:
D:5 [   D:6 [   D:7 *


Innate Abilities, Weirdness & Mutations

You have a beak for a mouth.
You have claws for feet.
You can fly continuously.


Message History

The lightning grounds out.
The kobold throws a stone.
The stone closely misses you.
The kobold unwields a +0 dagger.
The kobold wields a +0 blowgun.
The kobold shoots a poisoned needle.
The poisoned needle hits you!
You now have 20/25 mp.
The big kobold hits you but does no damage.
The kobold closely misses you.
Things that are here:
a +2 dagger of speed; a kobold corpse The kobold is struck by an arc of lightning!
You kill the kobold!
Vehumet accepts your kill.
You feel your power returning.
The lightning grounds out.
The big kobold is struck by an arc of lightning!
The lightning grounds out.
The big kobold hits you with a +0 club.
The kobold shoots a poisoned needle.
The poisoned needle barely misses you. The kobold misses you.
You take 6 damage, and have 62/69 hp.
You now have 19/25 mp.
The kobold unwields a +0 blowgun.
The kobold wields a +0 dagger.
The kobold hits you but does no damage. The kobold misses you.
The big kobold hits you with a +0 club.
Found an escape hatch in the floor.
You take 2 damage, and have 60/69 hp.
The kobold is struck by an arc of lightning!
You kill the kobold!
Vehumet accepts your kill.
The kobold is struck by an arc of lightning!
You kill the kobold!
Vehumet accepts your kill.
You feel your power returning.
The lightning grounds out.
The big kobold is struck by an arc of lightning.
You kill the big kobold!
Vehumet accepts your kill.
You feel your power returning.
You are struck by an arc of lightning.
You take 3 damage, and have 57/69 hp.
Items here: ( )) † a +0 dagger; a +0 blowgun; 8 poisoned needles; a kobold corpse You see here 4 stones.
Things that are here:
a +0 club; 5 stones; a big kobold corpse You see here 4 stones.
You now have 571 gold pieces (gained 20).
You reach down and open the door.
There is an open door here.
You reach down and open the large door.
You reach down and open the door.
You now have 589 gold pieces (gained 18).
Found a stone staircase leading down.
You reach down and open the door.
There is an open door here.
Done exploring.
Health restored: 69; MP restored: 25 Done exploring.
(D) Dungeon (T) Temple (L) Lair (O) Orcish Mines
Where to? (Enter - D:10 @ (x,y), ? - help)
What level of the Lair of Beasts? (default 1, ? - help)
There is a staircase to the Lair here.
You fly downwards.
Welcome to the Lair of Beasts!
You feel an oppressive heat about you.
There is an entrance to a volcano on this level.
Hurry and find it before the entrance collapses!
A crocodile and a hydra come into view.
The eight-headed hydra roars!
There is a staircase back to the Dungeon here.
Aim: an eight-headed hydra You feel a surge of power!
The poison arrow hits the eight-headed hydra!
The eight-headed hydra partially resists.
The eight-headed hydra is poisoned.
You are feeling hungry.
The eight-headed hydra bites you.
The eight-headed hydra closely misses you.
The eight-headed hydra misses you. x2
The eight-headed hydra closely misses you.
The eight-headed hydra bites you. The eight-headed hydra bites you!
The eight-headed hydra bites you.
You take 19 damage, and have 50/69 hp.
MASSIVE DAMAGE!!
You now have 19/25 mp.
Unknown command.
The eight-headed hydra completely misses you.
The eight-headed hydra bites you! The eight-headed hydra bites you.
The eight-headed hydra bites you!
* * * LOW HITPOINT WARNING * * *
The eight-headed hydra completely misses you.
The eight-headed hydra barely misses you. x2
The eight-headed hydra bites you.
* * * LOW HITPOINT WARNING * * *
You fly upwards.
Welcome back to the Dungeon!
There is a staircase to the Lair here.
You take 35 damage, and have 15/69 hp.
MASSIVE DAMAGE!!
Okay, then.
Unknown command.
Unknown command.
There is an open door here.
The eight-headed hydra bites you!
* * * LOW HITPOINT WARNING * * *
The eight-headed hydra bites you.
* * * LOW HITPOINT WARNING * * *
The eight-headed hydra misses you. The eight-headed hydra bites you!
You die...

....#####........................
....#...#........................
....#...#.......######...........
....#...#.......#....#..)........
....'...#.......+....#..)........
....#...#.......#....#...........
....#...#...<...####'#...........
....#...#........................
....#...#.......@.....^..........
....'...#.....##D############....
....##..........≈...........#....
..........≈..≈..≈...........#....
....##....≈..≈≈≈≈≈≈..≈≈.....#....
....#..[..≈≈≈≈≈≈≈≈≈≈≈≈≈≈≈........
....+....≈.≈≈≈≈.≈≈≈≈≈≈≈≈≈≈.......
>...#.....≈≈≈..≈...≈≈≈≈....÷+....
##..#..≈≈≈.≈≈≈...≈≈.≈≈≈≈÷...#.###


You could see an eight-headed hydra.

Vanquished Creatures
  3 two-headed ogres
  The ghost of kal9871 the Spear-Bearer, a novice CeGl of Okawaru (D:8)
  A manticore (D:11)
  A cyclops (D:11)
  Maurice (D:9)
  Psyche (D:9)
  A centaur skeleton (D:10)
  3 trolls
  2 hippogriffs
  Sigmund (D:4)
  3 spriggans (D:8)
  A wraith (D:10)
  6 yaks (D:11)
  2 hungry ghosts
  A steam dragon (D:9)
  Menkaure (D:7)
  An acid dragon (D:11)
  A water moccasin (D:7)
  An orc warrior (D:7)
  2 ice beasts
  A black bear (D:8)
  An eye of draining (D:10)
  5 phantoms
  A necrophage (D:10)
  2 sky beasts
  4 ogres
  6 wolves
  7 centaurs
  6 big kobolds
  2 wyvern zombies
  8 bullfrogs
  A gnoll sergeant (D:9)
  A scorpion (D:6)
  4 wights (D:11)
  2 electric eels
  A howler monkey (D:11)
  9 crimson imps
  5 bullfrog zombies
  7 jellies
  2 centaur zombies (D:9)
  5 hounds
  An iron imp (D:6)
  An orc priest (D:7)
  Jessica (D:3)
  5 iguanas
  6 orc wizards
  6 worker ants
  2 hound skeletons
  7 adders
  12 gnolls
  A river rat (D:5)
  3 shadow imps
  7 oozes
  4 worms
  A dart slug (D:1)
  5 leopard geckos
  18 orcs
  8 bats
  4 giant cockroaches
  13 goblins
  3 hobgoblins
  7 jackals
  41 kobolds
  2 quokkas (D:11)
  2 ball pythons
  7 frilled lizards
  A goblin skeleton (D:5)
  A hobgoblin zombie (D:5)
  A kobold skeleton (D:5)
  A kobold zombie (D:5)
  3 orc skeletons (D:5)
  An orc zombie (D:5)
  A quokka zombie (D:9)
  8 rats
298 creatures vanquished.

Vanquished Creatures (collateral kills)
  2 hungry ghosts (D:8)
  A sky beast (D:5)
  2 ogres (D:4)
  A centaur zombie (D:3)
  A hound (D:8)
  3 adders
  A worm (D:5)
  4 orcs (D:7)
  4 jackals
  A bat (D:2)
  2 kobolds (D:8)
  2 rats
24 creatures vanquished.

Vanquished Creatures (others)
  An orc wizard (D:9)
  4 plants (D:8)
  A withered plant (D:8)
6 creatures vanquished.

Grand Total: 328 creatures vanquished

Notes
Turn   | Place    | Note
-------+----------+-------------------------------------------
     0 | D:1      | mhoghedin the Tengu Wizard began the quest for the Orb.
     0 | D:1      | Reached XP level 1. HP: 10/10 MP: 5/5
   115 | D:1      | Reached skill level 1 in Fighting
   115 | D:1      | Reached XP level 2. HP: 9/16 MP: 7/7
   380 | D:1      | HP: 1/16 [dart slug/slug dart (4)]
   381 | D:1      | Reached skill level 3 in Dodging
   716 | D:1      | Reached XP level 3. HP: 18/20 MP: 8/8
   887 | D:1      | Learned a level 2 spell: Call Imp
   890 | D:1      | Learned a level 2 spell: Blink
   894 | D:1      | Learned a level 3 spell: Mephitic Cloud
  1588 | D:2      | Reached skill level 1 in Air Magic
  1883 | D:2      | Reached skill level 2 in Conjurations
  2082 | D:2      | Reached XP level 4. HP: 12/26 MP: 2/9
  2351 | D:2      | Reached skill level 2 in Summonings
  2714 | D:2      | Reached skill level 2 in Air Magic
  2933 | D:2      | HP: 1/26 [gnoll/+0 halberd (9)]
  3808 | D:3      | Reached skill level 3 in Conjurations
  3808 | D:3      | Gained mutation: You can fly continuously. [Tengu growth]
  3808 | D:3      | Reached XP level 5. HP: 14/30 MP: 3/10
  4248 | D:3      | Found a radiant altar of Vehumet.
  4268 | D:3      | Became a worshipper of Vehumet
  4539 | D:3      | Noticed Jessica
  4550 | D:3      | Killed Jessica
  4784 | D:3      | Learned a level 3 spell: Conjure Flame
  4847 | D:3      | Found a burning altar of Makhleb.
  5013 | D:4      | Noticed Sigmund
  5026 | D:4      | Killed Sigmund
  5026 | D:4      | Reached skill level 5 in Conjurations
  5026 | D:4      | Reached XP level 6. HP: 35/35 MP: 1/12
  5178 | D:4      | Reached skill level 6 in Conjurations
  5290 | D:4      | Found a hide-covered altar of Uskayaw.
  5362 | D:4      | Reached XP level 7. HP: 39/39 MP: 5/13
  5439 | D:4      | Reached skill level 7 in Conjurations
  5750 | D:4      | Reached skill level 2 in Fighting
  5828 | D:4      | Found a staircase to the Ecumenical Temple.
  5935 | D:5      | Entered Level 5 of the Dungeon
  5995 | D:5      | Found Koce Von's Armour Shoppe.
  6124 | D:5      | HP: 8/40 [bullfrog (4)]
  6126 | D:5      | Reached skill level 3 in Fighting
  6126 | D:5      | Reached skill level 4 in Dodging
  6394 | D:5      | Reached XP level 8. HP: 43/46 MP: 7/14
  6549 | D:5      | Reached * piety under Vehumet
  6549 | D:5      | Offered knowledge of Flame Tongue by Vehumet.
  6689 | D:5      | Found a glowing drain.
  6944 | D:5      | Found a glowing golden altar of the Shining One.
  7222 | D:5      | HP: 11/48 [something/magic dart (7)]
  7255 | D:5      | HP: 10/48 [orc wizard/magic dart (6)]
  7619 | D:5      | Reached skill level 1 in Poison Magic
  7647 | D:5      | Reached skill level 8 in Conjurations
  7911 | D:6      | Found a snail-covered altar of Cheibriados.
  7935 | D:6      | Reached skill level 4 in Spellcasting
  8038 | D:6      | HP: 12/48 [poisoned by a worker ant]
  8043 | D:6      | Reached skill level 2 in Poison Magic
  8044 | D:6      | HP: 11/48 [poisoned by a worker ant]
  8052 | D:6      | HP: 10/48 [poisoned by a worker ant]
  8708 | D:6      | Learned a level 5 spell: Venom Bolt
  8733 | D:6      | Found Lid Hiu's Antique Armour Boutique.
  8737 | D:6      | Bought a wizard robe for 171 gold pieces
  8747 | D:6      | Identified the cursed +1 robe of Autotheism {Slay+2} (You
                  | bought it in a shop on level 6 of the Dungeon)
  8819 | D:6      | Reached skill level 3 in Poison Magic
  8928 | D:6      | Reached skill level 9 in Conjurations
  9377 | D:7      | Offered knowledge of Shock by Vehumet.
  9385 | D:7      | Reached ** piety under Vehumet
  9415 | D:7      | Reached XP level 9. HP: 44/52 MP: 2/17
  9459 | D:7      | Reached skill level 5 in Spellcasting
  9633 | D:7      | Reached skill level 4 in Poison Magic
  9722 | D:7      | Found Foury's Assorted Antiques.
  9906 | D:7      | Found an ornate altar of the Wu Jian Council.
 10153 | D:7      | Noticed Menkaure
 10155 | D:7      | Killed Menkaure
 10642 | D:8      | Reached skill level 10 in Conjurations
 10659 | D:8      | Offered knowledge of Dazzling Spray by Vehumet.
 10672 | D:8      | Reached skill level 6 in Spellcasting
 10672 | D:8      | Reached skill level 5 in Poison Magic
 10935 | D:8      | Found a runed translucent door.
 10937 | D:8      | Noticed a two-headed ogre
 10963 | D:8      | Killed a two-headed ogre
 10963 | D:8      | Reached *** piety under Vehumet
 10963 | D:8      | Reached skill level 11 in Conjurations
 10963 | D:8      | Reached skill level 6 in Poison Magic
 10963 | D:8      | Reached XP level 10. HP: 26/56 MP: 5/21
 11091 | D:8      | Noticed kal9871's ghost (novice CeGl)
 11094 | D:8      | Identified the +5 trident of Callousness {venom, *Corrode
                  | rElec rF- Str+9}
 11419 | D:8      | Found an ancient bone altar of Kikubaaqudgha.
 11610 | D:8      | Offered knowledge of Static Discharge by Vehumet.
 11683 | D:8      | Learned a level 3 spell: Static Discharge
 11687 | D:8      | Learned a level 3 spell: Regeneration
 11726 | D:8      | Noticed a moth of wrath
 11730 | D:8      | Found a bloodstained altar of Trog.
 11936 | D:8      | Reached skill level 7 in Spellcasting
 11936 | D:8      | Reached skill level 3 in Air Magic
 12415 | D:8      | Reached skill level 1 in Necromancy
 12415 | D:8      | Reached skill level 1 in Charms
 12425 | D:8      | Killed kal9871's ghost
 12425 | D:8      | Reached skill level 2 in Necromancy
 12425 | D:8      | Reached skill level 4 in Air Magic
 12670 | D:9      | Reached skill level 5 in Dodging
 12692 | D:9      | Reached skill level 4 in Fighting
 12909 | D:9      | Noticed Psyche
 12914 | D:9      | Killed Psyche
 12914 | D:9      | Reached skill level 1 in Maces & Flails
 12920 | D:9      | Reached skill level 2 in Maces & Flails
 12929 | D:9      | Reached **** piety under Vehumet
 12963 | D:9      | Reached XP level 11. HP: 44/62 MP: 11/23
 13245 | D:9      | Offered knowledge of Bolt of Magma by Vehumet.
 13245 | D:9      | Reached skill level 3 in Maces & Flails
 13245 | D:9      | Reached skill level 6 in Dodging
 13422 | D:9      | Reached skill level 5 in Fighting
 13443 | D:9      | Noticed Maurice
 13790 | D:9      | Found a sacrificial altar of Ru.
 13842 | D:9      | Killed Maurice
 14064 | D:9      | Found a glowing silver altar of Zin.
 14124 | D:9      | Identified a scroll of acquirement
 14133 | D:9      | Got a pitted golden ring
 14135 | D:9      | Identified the ring of Mut Not {EV+5 Str+2 Int-4 Dex+2}
                  | (You acquired it on level 9 of the Dungeon)
 14182 | D:10     | Entered Level 10 of the Dungeon
 14222 | D:9      | HP: 16/64 [poisoned by a kobold]
 14228 | D:9      | HP: 13/64 [poisoned by a kobold]
 14236 | D:9      | HP: 13/64 [poisoned by a kobold]
 14588 | D:10     | Reached skill level 4 in Maces & Flails
 14692 | D:10     | Noticed a two-headed ogre
 14711 | D:10     | Killed a two-headed ogre
 14711 | D:10     | Reached skill level 12 in Conjurations
 14711 | D:10     | Reached skill level 7 in Poison Magic
 14897 | D:10     | HP: 3/64 [vampire (14)]
 15531 | D:10     | Got a dazzling plate armour
 15771 | D:10     | Identified the +7 plate armour "Japletir" {MR+} (You found
                  | it on level 10 of the Dungeon)
 15794 | D:11     | Noticed a manticore
 15797 | D:11     | Reached skill level 5 in Air Magic
 15801 | D:11     | Killed a manticore
 16094 | D:11     | Reached skill level 6 in Air Magic
 16291 | D:11     | Noticed a two-headed ogre
 16291 | D:11     | Noticed a cyclops
 16310 | D:11     | Killed a two-headed ogre
 16314 | D:11     | Reached skill level 13 in Conjurations
 16322 | D:11     | Killed a cyclops
 16322 | D:11     | Reached skill level 8 in Spellcasting
 16322 | D:11     | Reached skill level 7 in Air Magic
 16354 | D:11     | HP: 6/64 [acid (15)]
 16709 | D:11     | Found a staircase to the Lair.
 16795 | D:11     | Reached XP level 12. HP: 61/69 MP: 15/25
 16809 | D:11     | Reached ***** piety under Vehumet
 17043 | D:11     | Found a staircase to the Orcish Mines.
 17049 | D:11     | Offered knowledge of Poison Arrow by Vehumet.
 17057 | D:11     | Learned a level 6 spell: Poison Arrow
 17360 | Lair:1   | Entered Level 1 of the Lair of Beasts
 17360 | Lair:1   | Noticed an eight-headed hydra
 17362 | Lair:1   | HP: 17/69 [eight-headed hydra (16)]
 17372 | D:11     | HP: 10/69 [eight-headed hydra (7)]
 17372 | D:11     | Slain by an eight-headed hydra

Levels and vault maps discovered:
D:1:      onia_arrival_pentagram, layout_basic, serial_bayou,
          serial_bayou_lake_a, serial_bayou_shore_a, serial_bayou_pond_a,
          serial_bayou_lagoon_a
D:2:      layout_basic, chequers_serial_rivers_small_3
D:3:      layout_basic, lemuel_doored_altar, demons_altar, first_ration,
          uniq_jessica
D:4:      layout_gridville, marbit_many_paths, minmay_temple_entry_arrows,
          uniq_sigmund
D:5:      corexii_shack_village, layout_gridville, lightli_sewer_entry_pipes,
          serial_shops, nicolae_shop_waterfront, nicolae_tso_besieged_by_evil
D:6:      layout_loops_ring, slow_altar_1, serial_shops, nicolae_shop_crystal
D:7:      layout_gridville, kennysheep_mini_moat, serial_shops,
          nicolae_shop_overgrown_old_shop, uniq_menkaure
D:8:      layout_loops_ring, kiku_gazebo_garden_becter, tgw_trog,
          ebering_ghost_funeral_grove, serial_bayou, serial_bayou_pond_a,
          serial_bayou_pond_b, serial_bayou_shore_b, serial_bayou_shore_b,
          hangedman_little_slice_of_home, skrybe_limestone_x
D:9:      layout_cave_pods, kennysheep_mini, nicolae_ru_sacrificial_ziggurat,
          uniq_psyche, uniq_maurice
D:10:     layout_cave_pools
D:11:     layout_irregular_city, erik_lair_island, orc_0_dummy
Lair:1:   layout_chaotic_city, enter_volcano_2, minmay_holes

Skill      XL: |  1  2  3  4  5  6  7  8  9 10 11 |
---------------+----------------------------------+-----
Fighting       | 1 3 4 5 |  5.6
Dodging        | 3 4 5 6 |  6.7
Air Magic      | 1 2 4 7 |  7.6
Conjurations   | 2 3 5 6 7 9 11 13 | 13.3
Summonings     | 2 |  2.3
Poison Magic   | 3 6 7 |  7.1
Spellcasting   | 4 6 7 8 |  8.2
Necromancy     | 2 |  2.5
Charms         | 1 |  1.8
Maces & Flails | 2 4 |  4.1
Stealth        | |  2.0
Translocations | |  0.7

Action                   |  1- 3 |  4- 6 |  7- 9 | 10-12 || total
-------------------------+-------+-------+-------+-------++-------
Melee: Hand axe          |    35 |       |       |       ||    35
       Kick              |    13 |     8 |    22 |    25 ||    68
       Short sword       |   103 |    52 |       |       ||   155
       Peck              |     6 |     9 |    14 |     8 ||    37
       Club              |       |     7 |    90 |       ||    97
       Staff             |       |       |    30 |    13 ||    43
       Whip              |       |       |    18 |   104 ||   122
Throw: Javelin           |       |       |     4 |       ||     4
 Cast: Magic Dart        |    14 |    61 |   199 |    34 ||   308
       Call Imp          |     3 |     8 |    26 |     3 ||    40
       Mephitic Cloud    |       |     7 |    14 |     2 ||    23
       Conjure Flame     |       |       |     9 |     7 ||    16
       Blink             |       |       |     1 |     1 ||     2
       Venom Bolt        |       |       |    10 |    86 ||    96
       Static Discharge  |       |       |       |    40 ||    40
       Regeneration      |       |       |       |     1 ||     1
       Poison Arrow      |       |       |       |     1 ||     1
 Abil: Evoke Flight      |     2 |     2 |       |       ||     4
       Fly               |       |     1 |       |       ||     1
Evoke: Wand              |       |       |     2 |     3 ||     5
  Use: Scroll            |     3 |     1 |     6 |    16 ||    26
       Potion            |       |     1 |     6 |     2 ||     9
 Stab: Sleeping          |     2 |     4 |     2 |     1 ||     9
       Confused          |       |     1 |     3 |       ||     4
       Distracted        |       |       |     2 |       ||     2
  Eat: Chunk             |     3 |     6 |    17 |    26 ||    52
       Ration            |       |     2 |     2 |     4 ||     8
Armor: Robe              |    35 |     8 |    35 |    37 ||   115
Dodge: Dodged            |   124 |    52 |   234 |   231 ||   641

Table legend:
 A = Non-vault XP
 B = Vault XP
 C = Vault XP percentage of total XP
 D = Non-vault monster count
 E = Vault monster count
 F = Vault count percentage of total count
                 A         B        C        D         E       F
            +---------+---------+-------+---------+---------+-------
      Total |   13885 |    5298 |  27.6 |     255 |      68 |  21.1
            +---------+---------+-------+---------+---------+-------
        D:1 |      52 |       0 |   0.0 |      30 |       0 |   0.0
        D:2 |      89 |       0 |   0.0 |      26 |       0 |   0.0
        D:3 |      90 |      37 |  29.1 |      16 |       1 |   5.9
        D:4 |     336 |     341 |  50.4 |       5 |       2 |  28.6
        D:5 |     530 |     150 |  22.1 |      15 |      32 |  68.1
        D:6 |     649 |      43 |   6.2 |      11 |       1 |   8.3
        D:7 |     722 |     172 |  19.2 |      24 |       1 |   4.0
        D:8 |    1897 |    2629 |  58.1 |      32 |      20 |  38.5
        D:9 |    2056 |     933 |  31.2 |      30 |       2 |   6.2
       D:10 |    2761 |       0 |   0.0 |      27 |       0 |   0.0
       D:11 |    4703 |     993 |  17.4 |      39 |       9 |  18.8
            +---------+---------+-------+---------+---------+-------

Levels and vault maps discovered:
D:1:      onia_arrival_pentagram, layout_basic, serial_bayou,
          serial_bayou_lake_a, serial_bayou_shore_a, serial_bayou_pond_a,
          serial_bayou_lagoon_a
D:2:      layout_basic, chequers_serial_rivers_small_3
D:3:      layout_basic, lemuel_doored_altar, demons_altar, first_ration,
          uniq_jessica
D:4:      layout_gridville, marbit_many_paths, minmay_temple_entry_arrows,
          uniq_sigmund
D:5:      corexii_shack_village, layout_gridville, lightli_sewer_entry_pipes,
          serial_shops, nicolae_shop_waterfront, nicolae_tso_besieged_by_evil
D:6:      layout_loops_ring, slow_altar_1, serial_shops, nicolae_shop_crystal
D:7:      layout_gridville, kennysheep_mini_moat, serial_shops,
          nicolae_shop_overgrown_old_shop, uniq_menkaure
D:8:      layout_loops_ring, kiku_gazebo_garden_becter, tgw_trog,
          ebering_ghost_funeral_grove, serial_bayou, serial_bayou_pond_a,
          serial_bayou_pond_b, serial_bayou_shore_b, serial_bayou_shore_b,
          hangedman_little_slice_of_home, skrybe_limestone_x
D:9:      layout_cave_pods, kennysheep_mini, nicolae_ru_sacrificial_ziggurat,
          uniq_psyche, uniq_maurice
D:10:     layout_cave_pools
D:11:     layout_irregular_city, erik_lair_island, orc_0_dummy
Lair:1:   layout_chaotic_city, enter_volcano_2, minmay_holes

Table legend:
 A = Turns spent in this place as a percentage of turns spent in the entire game.
 B = Non-inter-level travel turns spent in this place as a percentage of non-inter-level travel turns spent in the entire game.
 C = Inter-level travel turns spent in this place as a percentage of turns spent in this place.
 D = Turns resting spent in this place as a percentage of non-inter-level travel turns spent in this place.
 E = Turns spent auto-exploring this place as a percentage of non-inter-level travel turns spent in this place.
 F = Non-inter-level travel turns spent in this place divided by the number of levels of this place that you've seen.
                   A       B       C       D       E      F
               +-------+-------+-------+-------+-------+----------------------
         Total | 100.0 | 100.0 |   2.7 |  44.5 |  34.9 | 1409.1
       Dungeon | 100.0 | 100.0 |   2.7 |  44.5 |  34.9 | 1536.9
          Lair |   0.0 |   0.0 |   0.0 |   0.0 |   0.0 |   3.0
               +-------+-------+-------+-------+-------+----------------------

Table legend:
 A = Kills in this place as a percentage of kills in entire the game.
 B = Kills by you in this place as a percentage of kills by you in the entire game.
 C = Kills by friends in this place as a percentage of kills by friends in the entire game.
 D = Other kills in this place as a percentage of other kills in the entire game.
 E = Experience gained in this place as a percentage of experience gained in the entire game.
 F = Experience gained in this place divided by the number of levels of this place that you have seen.
                   A       B       C       D       E      F
               +-------+-------+-------+-------+-------+----------------------
         Total | 100.0 | 100.0 | 100.0 | 100.0 | 100.0 | 1598.6
       Dungeon | 100.0 | 100.0 | 100.0 | 100.0 | 100.0 | 1743.9
               +-------+-------+-------+-------+-------+----------------------
